 Dungeon Crawl Stone Soup version 0.31-a0-986-g5e6e4ef867 (webtiles) character file.

Game seed: 4623398888690033826

269731 Arex the Warrior (level 19, -13/153 (157) HPs)
             Began as a Demonspawn Fighter on Nov 6, 2023.
             Was a Follower of Uskayaw.
             Killed from afar by a tengu reaver (33 damage)
             ... with a bolt of cold
             ... on level 1 of the Depths on Nov 7, 2023.
             The game lasted 01:36:10 (48313 turns).

Arex the Warrior (Demonspawn Fighter)              Turns: 48313, Time: 01:36:11

HP:   -13/153 (157) AC: 30    Str: 26    XL:     19   Next: 41%
MP:   29/29         EV: 11    Int: 11    God:    Uskayaw [*.....]
Gold: 2021          SH: 23    Dex: 13    Spells: 18/18 levels left

rFire   . .          .
                       - Unarmed
rCold   . . .        N - +0 kite shield
rNeg    . . .        O - +5 plate armour {rPois}
rPois   +            b - +2 helmet {SInv}
rElec   .            G - +2 cloak {Will+}
rCorr   .            (gloves unavailable)
SInv    +            H - +1 pair of boots "Soazogem" {Str+3}
Will    +++..        g - amulet of reflection Stlth
                     w - +4 ring of slaying
HPRegen 0.45/turn    c - ring of willpower
MPRegen 0.21/turn

%: reflection
@: about to teleport, studying Long Blades, lightly drained
A: claws 3, large bone plates 2, icemail 1, powered by death 1, condensation
shield, bedeviling, screaming 1
}: 2/15 runes: decaying, gossamer
a: Renounce Religion, Stomp


You were on level 1 of the Depths.
You worshipped Uskayaw.
Uskayaw was pleased with you.
You visited 6 branches of the dungeon, and saw 31 of its levels.
You also visited: Ossuary and Gauntlet.

You collected 5997 gold pieces.
You spent 3976 gold pieces at shops.

Inventory:

Hand Weapons
 I - a +6 whip of electrocution
Missiles
 a - 4 throwing nets
Armour
 b - a +2 helmet of see invisible (worn)
 l - the +1 plate armour of the Shishi {rF+ Dex+2}
   (You bought it in a shop on level 2 of the Orcish Mines)

   Dex+2:     It affects your dexterity (+2).
   rF+:       It protects you from fire.
 G - a +2 cloak of willpower (worn)
 H - the +1 pair of boots "Soazogem" (worn) {Str+3}
   (You found it in a Gauntlet)

   Str+3:     It affects your strength (+3).
 N - a +0 kite shield (worn)
 O - a +5 plate armour of poison resistance (worn)
 Y - a +1 pair of boots of flying
Jewellery
 c - a ring of willpower (right claw)
 g - an amulet of reflection (around neck)
 w - a +4 ring of slaying (left claw)
 y - the ring "Zetethi" {Drain +Blink rC++ Str+6 SInv}
   (You took it off a minotaur in a Gauntlet)

   [ring of strength]

   Str+6:     It affects your strength (+6).
   rC++:      It greatly protects you from cold.
   SInv:      It lets you see invisible.
   +Blink:    It lets you blink.
   Drain:     It drains your maximum health when unequipped.
 F - the ring "Jopoweyt" {Fly rCorr Int+5 Dex+4 Stlth-}
   (You found it on level 5 of the Lair of Beasts)

   [ring of flight]

   Int+5:     It affects your intelligence (+5).
   Dex+4:     It affects your dexterity (+4).
   Fly:       It grants you flight.
   rCorr:     It protects you from acid and corrosion.
   Stlth-:    It makes you less stealthy.
 M - a ring of protection from cold
 X - a ring of willpower
Wands
 d - a wand of roots (33)
 n - a wand of polymorph (24)
 C - a wand of acid (17)
 P - a wand of mindburst (7)
 Q - a wand of charming (15)
 S - a wand of flame (23) (quivered)
Scrolls
 e - 6 scrolls of immolation
 f - 9 scrolls of teleportation
 i - 3 scrolls of vulnerability
 o - 4 scrolls of poison
 t - 5 scrolls of fog
 u - 3 scrolls of revelation
 v - 5 scrolls of silence
 z - 2 scrolls of butterflies
 A - 5 scrolls of noise
 D - 5 scrolls of blinking
 J - 6 scrolls of fear
 L - 3 scrolls of identify
 U - a scroll of brand weapon
Potions
 h - 6 potions of haste
 j - 2 potions of resistance
 k - 2 potions of brilliance
 m - 2 potions of lignification
 p - 5 potions of enlightenment
 q - a potion of heal wounds
 r - 5 potions of cancellation
 s - 10 potions of ambrosia
 x - 11 potions of mutation
 B - 17 potions of curing
 E - 4 potions of might
 K - 3 potions of magic
 R - 3 potions of invisibility
 T - 3 potions of attraction
Miscellaneous
 W - a tin of tremorstones (1/2)


   Skills:
 + Level 16.3 Fighting
 - Level 5.2 Axes
 - Level 13.4 Armour
 * Level 10.1 Dodging
 - Level 13.4 Shields
 + Level 15.5 Unarmed Combat
 - Level 13.7 Invocations
 + Level 9.6 Evocations


You had 18 spell levels left.
You didn't know any spells.
Your spell library contained the following spells:

 Spells                   Type           Power      Damage    Failure   Level
 Apportation              Tloc           0%         N/A       99%         1
 Necrotise                Necr           0%         1d4       99%         1
 Shock                    Conj/Air       0%         1d3       99%         1
 Slow                     Hex            0%         N/A       99%         1
 Sting                    Tmut/Pois      0%         1d3       99%         1
 Summon Small Mammal      Summ           0%         N/A       99%         1
 Blink                    Tloc           0%         N/A       99%         2
 Ensorcelled Hibernation  Hex/Ice        0%         N/A       99%         2
 Jinxbite                 Hex            0%         N/A       99%         2
 Lesser Beckoning         Tloc           0%         N/A       99%         2
 Momentum Strike          Conj/Tloc      0%         3d8       99%         2
 Poisonous Vapours        Pois/Air       0%         N/A       99%         2
 Confusing Touch          Hex            0%         N/A       100%        3
 Ignite Poison            Fire/Tmut/Pois 0%         N/A       100%        3
 Inner Flame              Hex/Fire       0%         N/A       100%        3
 Sigil of Binding         Hex            0%         N/A       100%        3
 Swiftness                Air            0%         N/A       100%        3
 Tukima's Dance           Hex            0%         N/A       100%        3
 Vampiric Draining        Necr           0%         2d6       100%        3
 Airstrike                Air            0%         2d(0-16)  100%        4
 Anguish                  Hex/Necr       0%         N/A       100%        4
 Brom's Barrelling Bould  Conj/Erth      0%         2d3       100%        4
 Flame Wave               Conj/Fire      0%         2d4       100%        4
 Olgreb's Toxic Radiance  Pois           0%         N/A       100%        4
 Passage of Golubria      Tloc           0%         N/A       100%        4
 Sticky Flame             Conj/Fire      0%         2d3       100%        4
 Alistair's Intoxication  Tmut/Pois      0%         N/A       100%        5
 Borgnjor's Vile Clutch   Necr/Erth      0%         N/A       100%        5
 Yara's Violent Unravell  Hex/Tmut       0%         3d3       100%        5
 Eringya's Noxious Bog    Tmut/Pois      0%         4d6       100%        6
 Starburst                Conj/Fire      0%         6d3       100%        6
 Orb of Destruction       Conj           0%         9d5       100%        7
 Ignition                 Fire           0%         3d3       100%        8


Dungeon Overview and Level Annotations

Branches:
Dungeon (15/15)            Temple (0/1) D:5            Lair (5/5) D:10
  Swamp (4/4) Lair:3       Spider (4/4) Lair:2        Slime (0/5) Lair:4
    Orc (2/2) D:9             Elf (0/3) Orc:2        Vaults (0/5) D:14
 Depths (1/4) D:15        Ossuary (visited)         Gauntlet (visited)

Altars:
Ashenzari
Cheibriados
Dithmenos
Gozag
Qazlal
Trog
Uskayaw
Vehumet
Xom
Yredelemnul

Shops:
D:7 *?   D:8 (   D:12 [   D:14 !([   Orc:1 (   Orc:2 *[[:

Portals:
Hell: Depths:1
Abyss: Depths:1

Annotations:
D:10 1 runed translucent door, Dordric's ghost, journeyman HOMo
Lair:5 1 runed translucent door, exclusion: oklob plant


Innate Abilities, Weirdness & Mutations

You have claws for hands.
You are mostly covered in large bone plates. (SH +6)
A meltable icy envelope protects you from harm. (AC +0)
You regenerate a little health from kills.
A meltable shield of frost defends you. (SH +0)
Your hexes are more powerful.
You occasionally shout uncontrollably at your foes.


Message History

The fire giant is moderately wounded.
You block the fire giant's attack.
You eviscerate the fire giant!!!
The fire giant is severely wounded.
Uskayaw will force your foes to share their pain.
You claw the fire giant!
The fire giant is almost dead.
You block the fire giant's attack.
You claw the fire giant!
You kill the fire giant!
There is an open door here.
You can no longer pass through a line of other dancers.
You close the door.
A tengu reaver opens the door.
The tengu reaver gestures at you while chanting.
The bolt of negative energy hits you!
You feel drained.
* * * LOW HITPOINT WARNING * * *
The caustic shrike screeches!
There is an open door here.
You closely miss the tengu reaver.
The tengu reaver hits you with a +3 long sword of holy wrath!
* * * LOW HITPOINT WARNING * * *
You convulse!
* * * LOW HITPOINT WARNING * * *
The tengu reaver pecks you but does no damage.
You block the tengu reaver's attack.
Okay, then.
You feel much better. You block the tengu reaver's attack.
The tengu reaver pecks you.
* * * LOW HITPOINT WARNING * * *
You block the tengu reaver's attack.
Unknown command.
Blink to where?
Press: ? - help, Dir - move target
As you read the scroll of blinking, it crumbles to dust.
As you read the scroll of teleportation, it crumbles to dust.
You feel strangely unstable.
The tengu reaver gestures at you while chanting.
The bolt of cold hits you!!
You die...

# #....# #. #†#..... #
######§#######'## #.'..... #
#...............# #)#..... #
#.........#####.# #.#.....
#.....Q...#~~~#.#####.#.[...
##
#)......b.#~~~#['[.CbZ#.∩...
.#
#.........#~~~#.#####[#.....
.# #.........#####.#
#.#.....
.#####....))....@....#
#)######
...........!.........# #.#
.................(...# #.#
.....)...............# #.#
....)................#####.#
.....................'.....#
.....................#######
.....................# ####
.....................# #...


You could see a caustic shrike and a tengu reaver (repels missiles).

Vanquished Creatures
  Nikola (Depths:1)
  2 sphinxes (Depths:1)
  Kirke (Lair:3)
  A storm dragon (Depths:1)
  A thorn hunter (Swamp:2)
  2 fire giants (Depths:1)
  5 emperor scorpions (Spider:4)
  6 ghost moths
  4 frost giants (Depths:1)
  5 eleionomae
  A broodmother (Spider:3)
  6 stone giants (Depths:1)
  4 bunyips
  2 spark wasps
  2 ettins (Depths:1)
  A minotaur (Gauntlet)
  Snorg (D:14)
  4 entropy weavers
  Fannar (D:9)
  Harold (Lair:2)
  24 hydras
  An ice dragon (Depths:1)
  A ghost crab (Swamp:4)
  A jorogumo (Spider:3)
  2 radroaches
  A sphinx zombie (D:15)
  10 alligators
  The ghost of Nicitzuff the Summoner, a journeyman TeSu of Ashenzari (Spider:2)
  9 centaur warriors
  11 two-headed ogres
  8 boulder beetles
  A deep troll earth mage (Depths:1)
  A deep troll shaman (D:15)
  A vampire mage (Depths:1)
  3 tengu warriors
  7 death scarabs (Spider:4)
  An occultist (Depths:1)
  A spectral emperor scorpion (Spider:4)
  Nergalle (Lair:1)
  8 demonic crawlers
  A spriggan berserker (Depths:1)
  12 spriggans
  3 orc high priests (Orc:2)
  9 skeletal warriors
  11 pharaoh ants
  A skyshark (Lair:4)
  A salamander mystic (Depths:1)
  A storm dragon skeleton (D:15)
  7 spriggan druids
  6 goliath frogs
  3 glowing orange brains (Depths:1)
  7 swamp dragons
  2 flayed ghosts
  3 arcanists
  4 orb spiders
  A bog body (Swamp:3)
  An obsidian statue (Gauntlet)
  2 lindwurms (Lair:5)
  8 orc knights
  3 necromancers
  2 spectral wolf spiders (Spider:4)
  19 wolf spiders
  2 wolf spider zombies (Spider:4)
  4 steelbarb worms
  5 deep elf pyromancers
  11 cyclopes
  23 ugly things
  A frost giant zombie (Depths:1)
  4 manticores
  6 orc sorcerers
  A will-o-the-wisp (Swamp:2)
  4 moths of wrath
  2 salamanders (Depths:1)
  8 elephants (Lair:4)
  5 black mambas
  11 torpor snails
  A cane toad (Lair:2)
  An unseen horror (shapeshifter) (D:13)
  A cane toad (shapeshifter) (D:14)
  2 gargoyles
  11 komodo dragons
  3 freezing wraiths (Swamp:4)
  Maggie (Lair:2)
  A redback zombie (Spider:4)
  4 tengu conjurers
  3 meliai (D:14)
  8 trolls
  A bloated husk (Swamp:4)
  18 hornets
  4 merfolk (D:12)
  15 tyrant leeches
  2 raiju (Lair:5)
  4 spectral tarantellas (Spider:4)
  14 polar bears
  2 spectral culicivoras (Spider:4)
  3 spectral jumping spiders (Spider:4)
  5 blink frogs (Lair:1)
  33 tarantellas
  A culicivora zombie (Spider:4)
  6 small abominations (Gauntlet)
  20 culicivoras
  22 jumping spiders
  5 shadows
  3 spriggan skeletons
  5 wraiths
  A spriggan (shapeshifter) (D:14)
  A water elemental (D:14)
  10 humans (D:12)
  2 large abominations (Gauntlet)
  6 wyverns
  3 steam dragons
  42 yaks
  4 basilisks
  Eustachio (D:4)
  3 hogs (Lair:3)
  48 redbacks
  Grum (Lair:1)
  14 vampire mosquitoes
  16 swamp worms
  9 wargs
  22 water moccasins
  An acid dragon (D:8)
  15 hell hounds (Lair:5)
  8 swamp drakes (Swamp:3)
  2 ice beasts
  A sky beast (D:7)
  22 orc warriors
  16 black bears
  23 wolves
  9 ogres
  16 centaurs
  2 phantoms
  Blork the orc (D:4)
  6 kobold brigands
  6 bullfrogs
  4 scorpions
  5 killer bees (D:9)
  5 electric eels
  6 howler monkeys
  A vampire bat (Orc:2)
  8 hounds
  8 jellies
  16 orc priests
  An iguana (shapeshifter) (D:13)
  3 iguanas
  Ijyb (D:4)
  4 sleepcaps
  27 orc wizards
  Natasha (thrice) (D:3)
  A mummy (Ossuary)
  Robin (D:4)
  10 adders
  A shadow imp (D:7)
  7 white imps
  6 ufetubi
  2 worms
  2 dart slugs
  46 orcs
  9 ball pythons
  7 endoplasms
  4 giant cockroaches
  7 goblins
  12 hobgoblins
  4 jackals (D:2)
  5 quokkas
  15 bats
  3 frilled lizards
  6 gnoll skeletons (Ossuary)
  13 kobolds
  9 kobold skeletons (Ossuary)
  10 orc skeletons (Ossuary)
  3 rats
1123 creatures vanquished.

Vanquished Creatures (others)
  A frost giant (Depths:1)
  A deep troll shaman (Depths:1)
  2 bloated husks
  A spriggan (Swamp:3)
  4 orc wizards
9 creatures vanquished.

Grand Total: 1132 creatures vanquished

Notes
Turn   | Place    | Note
-------+----------+-------------------------------------------
     0 | D:1      | Arex the Demonspawn Fighter began the quest for the Orb.
     0 | D:1      | Reached XP level 1. HP: 18/18 MP: 1/1
   106 | D:1      | Gained mutation: A meltable shield of frost defends you.
                  | (SH +0) [demonic ancestry]
   106 | D:1      | Reached XP level 2. HP: 24/24 MP: 2/2
   347 | D:1      | Gained mutation: You are partially covered in large bone
                  | plates. (SH +4) [demonic ancestry]
   347 | D:1      | Reached XP level 3. HP: 29/29 MP: 3/3
   972 | D:2      | Reached XP level 4. HP: 31/35 MP: 4/4
  1178 | D:3      | Noticed Natasha
  1200 | D:3      | Killed Natasha
  1332 | D:3      | Noticed Natasha
  1340 | D:3      | Reached XP level 5. HP: 7/42 MP: 5/5
  1341 | D:3      | Killed Natasha
  1581 | D:3      | Found a broken altar of Ashenzari.
  1581 | D:3      | Found a basalt altar of Yredelemnul.
  1588 | D:3      | Found a hide-covered altar of Uskayaw.
  1590 | D:3      | Found a shadowy altar of Dithmenos.
  1592 | D:3      | Found a faded altar of an unknown god.
  1710 | D:3      | Prayed at the altar of an unknown god.
  1710 | D:3      | Became a worshipper of Uskayaw the Reveller
  1710 | D:3      | Reached * piety under Uskayaw
  1864 | D:3      | Reached skill level 4 in Fighting
  1866 | D:3      | Noticed a phantom
  1879 | D:3      | Reached ** piety under Uskayaw
  1881 | D:3      | Killed a phantom
  1882 | D:3      | Reached skill level 1 in Invocations
  1882 | D:3      | Reached XP level 6. HP: 42/48 MP: 6/6
  1892 | D:3      | Noticed Natasha
  1901 | D:3      | Killed Natasha
  2257 | D:4      | Noticed Blork the orc
  2272 | D:4      | Killed Blork the orc
  2273 | D:4      | Reached *** piety under Uskayaw
  2274 | D:4      | Reached **** piety under Uskayaw
  2347 | D:4      | Reached XP level 7. HP: 55/55 MP: 7/9
  2437 | D:4      | Noticed Eustachio
  2470 | D:4      | Noticed Ijyb
  2476 | D:4      | Noticed Robin
  2479 | D:4      | Killed Ijyb
  2479 | D:4      | Reached ***** piety under Uskayaw
  2483 | D:4      | Killed Eustachio
  2485 | D:4      | Reached ****** piety under Uskayaw
  2487 | D:4      | Killed Robin
  2757 | D:4      | Found a radiant altar of Vehumet.
  3079 | D:5      | Entered Level 5 of the Dungeon
  3094 | D:5      | Found a stormy altar of Qazlal.
  3104 | D:5      | Identified the +7 leather armour "Heqa Ycy" {rElec Str+3
                  | Int+2}
  3240 | D:5      | Reached skill level 5 in Fighting
  3302 | D:5      | Found a staircase to the Ecumenical Temple.
  3712 | D:6      | Found a sand-covered staircase.
  3720 | Ossuary  | Entered an ossuary
  3720 | Ossuary  | Noticed a wraith
  3720 | Ossuary  | Noticed a wraith
  3720 | Ossuary  | Noticed a wraith
  3839 | Ossuary  | Noticed a wraith
  3927 | Ossuary  | Killed a wraith
  3928 | Ossuary  | Gained mutation: You have sharp fingernails. [demonic
                  | ancestry]
  3928 | Ossuary  | Reached XP level 8. HP: 48/62 MP: 11/11
  3959 | Ossuary  | Identified a scroll of acquirement
  3986 | D:6      | Identified the +1 robe of Transparent Curiosity {rElec
                  | rPois rCorr Stlth-}
  3997 | D:6      | Found a shimmering altar of Xom.
  4007 | D:6      | Acquired 1089 gold pieces
  4051 | D:6      | Reached skill level 5 in Shields
  4057 | D:6      | Reached skill level 5 in Armour
  4103 | D:6      | Reached skill level 5 in Invocations
  4477 | D:6      | Reached skill level 6 in Fighting
  4477 | D:6      | Reached skill level 5 in Axes
  4631 | D:6      | Reached XP level 9. HP: 65/69 MP: 13/13
  4890 | D:7      | Noticed a two-headed ogre
  4900 | D:7      | Killed a two-headed ogre
  4901 | D:7      | Reached skill level 1 in Evocations
  5687 | D:7      | Found Zerphoeng's Assorted Antiques.
  5695 | D:7      | Bought a potion of curing for 93 gold pieces
  5695 | D:7      | Bought a potion of might for 124 gold pieces
  5695 | D:7      | Bought a chain mail for 139 gold pieces
  5695 | D:7      | Bought a runed cloak for 232 gold pieces
  5695 | D:7      | Bought a tourmaline ring for 155 gold pieces
  5785 | D:7      | Noticed a brown ugly thing
  5789 | D:7      | Reached skill level 7 in Fighting
  5809 | D:7      | Killed a brown ugly thing
  5814 | D:7      | Gained mutation: You have very sharp fingernails. [demonic
                  | ancestry]
  5814 | D:7      | Reached XP level 10. HP: 76/79 MP: 15/15
  6000 | D:7      | Identified the +0 robe of Polish {Will+ Int+3}
  6070 | D:7      | Reached skill level 1 in Unarmed Combat
  6183 | D:7      | Found Iffek's Magic Scroll Boutique.
  6377 | D:7      | Noticed a cyclops
  6385 | D:7      | Killed a cyclops
  6607 | D:7      | Noticed a deep elf pyromancer
  6612 | D:7      | Killed a deep elf pyromancer
  6670 | D:7      | Noticed a red ugly thing
  6731 | D:7      | Noticed a manticore
  6854 | D:7      | Killed a manticore
  7068 | D:7      | Killed a red ugly thing
  7668 | D:7      | Identified the staff of Purpose {Fly rElec Air}
  7718 | D:7      | Noticed a centaur warrior
  7755 | D:8      | Found Asippos's Weapon Shop.
  7795 | D:8      | Reached skill level 8 in Fighting
  8030 | D:8      | Gained mutation: A meltable icy envelope protects you from
                  | harm. (AC +0) [demonic ancestry]
  8030 | D:8      | Reached XP level 11. HP: 51/86 MP: 17/17
  8482 | D:8      | Reached skill level 5 in Unarmed Combat
  8539 | D:7      | Bought a scroll of acquirement for 780 gold pieces
  8539 | D:7      | Acquired 368 gold pieces
  8541 | D:7      | Bought a scroll of poison for 60 gold pieces
  8541 | D:7      | Bought a scroll of butterflies for 60 gold pieces
  8541 | D:7      | Bought a scroll of teleportation for 45 gold pieces
  8541 | D:7      | Bought a scroll of identify for 30 gold pieces
  8541 | D:7      | Bought a scroll of identify for 30 gold pieces
  8541 | D:7      | Bought a scroll of fog for 60 gold pieces
  8541 | D:7      | Bought a scroll of teleportation for 45 gold pieces
  8722 | D:8      | Found an opulent altar of Gozag.
  8723 | D:8      | Found a snail-covered altar of Cheibriados.
  9328 | D:9      | Noticed a two-headed ogre
  9354 | D:9      | Killed a two-headed ogre
  9454 | D:9      | Noticed a two-headed ogre
  9468 | D:9      | HP: 3/87 [two-headed ogre/+0 giant club (13)]
  9469 | D:9      | Killed a two-headed ogre
  9750 | D:9      | Found a staircase to the Orcish Mines.
 10000 | D:10     | Entered Level 10 of the Dungeon
 10352 | D:10     | Reached skill level 10 in Invocations
 10496 | D:10     | Found a staircase to the Lair.
 10542 | D:10     | Noticed a two-headed ogre
 10547 | D:10     | Killed a two-headed ogre
 10698 | D:10     | Found a runed translucent door.
 10699 | D:10     | Identified the +7 trident "Unuaruiw" {heavy, Dex+4}
 10700 | D:10     | Noticed Dordric's ghost (journeyman HOMo)
 10700 | D:10     | Noticed a spriggan rider
 11137 | Lair:1   | Entered Level 1 of the Lair of Beasts
 11137 | Lair:1   | Noticed Grum
 11347 | D:10     | Reached skill level 9 in Fighting
 11360 | Lair:1   | Killed Grum
 11972 | Lair:1   | Gained mutation: You have claws for hands. [demonic
                  | ancestry]
 11972 | Lair:1   | Reached XP level 12. HP: 95/95 MP: 19/19
 12376 | Lair:1   | Noticed Nergalle
 12397 | Lair:1   | Killed Nergalle
 12980 | Lair:2   | Noticed Harold
 13009 | Lair:2   | Killed Harold
 13090 | Lair:2   | Noticed Maggie
 13105 | Lair:2   | Killed Maggie
 13172 | Lair:2   | Found a hole to the Spider Nest.
 13636 | Lair:3   | Noticed a seven-headed hydra
 13650 | Lair:2   | Killed a seven-headed hydra
 13959 | Lair:3   | Noticed a six-headed hydra
 13970 | Lair:3   | Killed a six-headed hydra
 14095 | Lair:3   | Found a staircase to the Swamp.
 14163 | Lair:3   | Noticed a six-headed hydra
 14172 | Lair:3   | Killed a six-headed hydra
 14173 | Lair:3   | Reached skill level 10 in Fighting
 14384 | Lair:3   | Noticed a four-headed hydra
 14396 | Lair:3   | Killed a four-headed hydra
 15355 | Lair:4   | Noticed a five-headed hydra
 15369 | Lair:4   | Reached XP level 13. HP: 74/103 MP: 21/21
 15750 | Orc:1    | Entered Level 1 of the Orcish Mines
 16302 | Orc:1    | Noticed Fannar
 16425 | D:9      | Killed Fannar
 16897 | Orc:1    | Gained mutation: You occasionally shout uncontrollably at
                  | your foes. [a neqoxec]
 17045 | Orc:1    | Found Zunisuasoe's Weapon Shop.
 17318 | Orc:2    | Entered Level 2 of the Orcish Mines
 17988 | Orc:2    | Reached skill level 10 in Unarmed Combat
 18519 | Orc:2    | Reached skill level 10 in Armour
 19183 | Orc:2    | Reached skill level 10 in Shields
 19195 | Orc:2    | Found a staircase to the Elven Halls.
 19348 | Orc:2    | Found Yfiomeubb's Book Emporium.
 19375 | Orc:2    | Found Hocrut's Antique Armour Shop.
 19381 | Orc:2    | Found Judumelo's Antique Armour Shop.
 19383 | Orc:2    | Found Kaonk's General Store.
 19392 | Orc:2    | Bought a potion of resistance for 140 gold pieces
 19532 | Orc:2    | Bought a crude plate armour for 840 gold pieces
 19532 | Orc:2    | Identified the +1 plate armour of the Shishi {rF+ Dex+2}
                  | (You bought it in a shop on level 2 of the Orcish Mines)
 19674 | Spider:1 | Entered Level 1 of the Spider Nest
 19688 | Lair:2   | Reached skill level 11 in Fighting
 19751 | Lair:4   | Noticed Kirke
 19882 | Lair:3   | Killed Kirke
 19981 | Lair:4   | Found a staircase to the Slime Pits.
 20357 | Lair:4   | Gained mutation: You are mostly covered in large bone
                  | plates. (SH +6) [demonic ancestry]
 20357 | Lair:4   | Reached XP level 14. HP: 105/113 MP: 23/23
 20732 | Lair:4   | Noticed Urug
 20733 | Lair:4   | Urug changed into Urug the komodo dragon
 20733 | Lair:4   | Noticed Urug
 20747 | Lair:4   | Killed Urug the komodo dragon
 21039 | Lair:5   | Entered Level 5 of the Lair of Beasts
 21694 | Lair:5   | Identified the ring "Jopoweyt" {Fly rCorr Int+5 Dex+4
                  | Stlth-}
 21929 | Lair:5   | Found a bloodstained altar of Trog.
 22054 | Lair:5   | Found a runed translucent door.
 23649 | Lair:5   | Reached skill level 12 in Fighting
 24445 | D:11     | Found a gate leading to a gauntlet.
 24452 | Gauntlet | Entered a Gauntlet
 24452 | Gauntlet | Found a transporter.
 24452 | Gauntlet | Found a transporter.
 24457 | Gauntlet | Found a transporter.
 24472 | Gauntlet | Found a transporter.
 24486 | Gauntlet | Found a transporter.
 24499 | Gauntlet | Found a transporter.
 24517 | Gauntlet | Found a transporter.
 24587 | Gauntlet | Found a transporter.
 24601 | Gauntlet | Found a transporter.
 24615 | Gauntlet | Found a transporter.
 24622 | Gauntlet | Noticed a quicksilver ooze
 24628 | Gauntlet | Found a transporter.
 24630 | Gauntlet | Found a large runed translucent door.
 24630 | Gauntlet | Found a large runed translucent door.
 24631 | Gauntlet | Found a large runed translucent door.
 24631 | Gauntlet | Found a large runed translucent door.
 24632 | Gauntlet | Found a large runed translucent door.
 24632 | Gauntlet | Found a large runed translucent door.
 24632 | Gauntlet | Found a runed translucent door.
 24632 | Gauntlet | Found a runed translucent door.
 24632 | Gauntlet | Found a large runed translucent door.
 24633 | Gauntlet | Found a large runed translucent door.
 24640 | Gauntlet | Found a large runed translucent door.
 24640 | Gauntlet | Found a large runed translucent door.
 24641 | Gauntlet | Found a large runed translucent door.
 24641 | Gauntlet | Found a large runed translucent door.
 24642 | Gauntlet | Found a large runed translucent door.
 24642 | Gauntlet | Found a large runed translucent door.
 24643 | Gauntlet | Found a runed translucent gate.
 24643 | Gauntlet | Found a runed translucent gate.
 24643 | Gauntlet | Found a runed translucent gate.
 24645 | Gauntlet | Found a transporter.
 24712 | Gauntlet | Found a transporter.
 24722 | Gauntlet | Found a transporter.
 24728 | Gauntlet | Found a large runed translucent door.
 24729 | Gauntlet | Found a large runed translucent door.
 24736 | Gauntlet | Found a transporter.
 24768 | Gauntlet | Found a transporter.
 24859 | Gauntlet | Identified the +1 pair of boots "Soazogem" {Str+3}
 24875 | Gauntlet | Identified the +4 orcbow "Inwaus" {freeze, rC+ Dex+5}
 24967 | Gauntlet | Identified the ring "Zetethi" {Drain +Blink rC++ Str+6
                  | SInv}
 25738 | D:12     | Found Lofy's Armour Shoppe.
 26052 | D:12     | Gained mutation: Your hexes are more powerful. [demonic
                  | ancestry]
 26052 | D:12     | Reached XP level 15. HP: 122/122 MP: 25/25
 28155 | D:13     | Reached skill level 13 in Fighting
 28155 | D:13     | Reached XP level 16. HP: 131/131 MP: 26/26
 28307 | D:14     | Found a gate to the Vaults.
 29000 | D:14     | Found Muach's Distillery.
 29010 | D:14     | Bought a potion of heal wounds for 75 gold pieces
 29010 | D:14     | Bought a potion of curing for 45 gold pieces
 29010 | D:14     | Bought a potion of haste for 150 gold pieces
 29010 | D:14     | Bought a potion of curing for 45 gold pieces
 29010 | D:14     | Bought 2 potions of mutation for 240 gold pieces
 29047 | D:14     | Found Odouhichea's Armour Shoppe.
 29102 | D:14     | Noticed Snorg
 29109 | D:14     | Killed Snorg
 29206 | D:14     | Found Vouph's Weapon Boutique.
 29267 | D:15     | Entered Level 15 of the Dungeon
 29283 | D:15     | Found a snail-covered altar of Cheibriados.
 29672 | D:15     | Found a staircase to the Depths.
 29804 | D:15     | Found the ring of the Mage {Wiz Archmagi}
 29895 | D:15     | Found a shadowy altar of Dithmenos.
 30102 | D:15     | Reached XP level 17. HP: 127/138 MP: 27/27
 30403 | Spider:3 | Identified the "Fovvityl"
 30403 | Swamp:1  | Entered Level 1 of the Swamp
 30424 | Swamp:1  | Reached skill level 14 in Fighting
 33774 | Swamp:3  | Found a hide-covered altar of Uskayaw.
 33979 | IceCv    | Identified the of Rakog
 33979 | Swamp:4  | Entered Level 4 of the Swamp
 34494 | D:14     | Bought a +3 plate armour of poison resistance for 588 gold
                  | pieces
 34881 | Swamp:3  | Reached skill level 5 in Evocations
 35772 | Swamp:3  | Reached skill level 1 in Dodging
 38400 | Swamp:3  | Found a hide-covered altar of Uskayaw.
 39458 | Swamp:4  | Got a decaying rune of Zot
 40795 | Spider:2 | Reached skill level 15 in Fighting
 40840 | Spider:2 | Reached XP level 18. HP: 136/149 MP: 28/28
 41082 | Spider:2 | Found a runed translucent door.
 41082 | Spider:2 | Noticed Nicitzuff's ghost (journeyman TeSu)
 41122 | Spider:2 | Reached skill level 5 in Dodging
 41131 | Spider:2 | Killed Nicitzuff's ghost
 42470 | Spider:2 | Identified the +1 flail "Tocan" {flame, rElec rN+ Stlth+}
 44213 | Spider:4 | Entered Level 4 of the Spider Nest
 45520 | Spider:4 | Reached skill level 15 in Unarmed Combat
 46351 | Spider:4 | Gained mutation: You regenerate a little health from kills.
                  | [demonic ancestry]
 46351 | Spider:4 | Reached XP level 19. HP: 111/157 MP: 25/29
 46383 | Spider:4 | Got a gossamer rune of Zot
 46750 | Vaults:1 | Identified the "Rene"
 46750 | Vaults:5 | Identified the of Reniehowaid
 46750 | Crypt:3  | Identified the "Olah Res"
 46750 | Crypt:3  | Identified the "Wezen"
 46750 | Depths:1 | Identified the "Zecwaufa"
 46750 | Depths:1 | Identified the "Tazusamp"
 46750 | Depths:1 | Entered Level 1 of the Depths
 46752 | Depths:1 | Noticed a caustic shrike
 47103 | Depths:1 | Reached skill level 16 in Fighting
 47174 | Depths:1 | Found a gateway to Hell.
 47196 | Depths:1 | Identified the +0 pair of gloves of Going Fast {Str+4}
 47196 | Depths:1 | Noticed Nikola
 47215 | Depths:1 | Killed Nikola
 48172 | Depths:1 | Reached skill level 10 in Dodging
 48235 | Depths:1 | Found a one-way gate to the infinite horrors of the Abyss.
 48309 | Depths:1 | HP: 7/153 [tengu reaver/+3 long sword of holy wrath (11)]
 48313 | Depths:1 | Killed from afar by a tengu reaver

Illustrated notes

Levels and vault maps discovered:
D:1:      minmay_arrival_arboretum_small, layout_rooms
D:2:      layout_loops_cross
D:3:      layout_loops_ring, dreamdust_divine_triumvirate,
          chequers_temple_overflow_minitemple, kennysheep_boxes, uniq_natasha
D:4:      layout_basic, mainiacjoe_overflow_paths, nicolae_goblin_pals,
          uniq_ijyb, uniq_eustachio, uniq_blork_the_orc
D:5:      layout_loops_ring, grunt_qazlal_clouds,
          minmay_temple_entry_antechambers
D:6:      layout_rooms, nicolae_ossuary_entry_plus, minmay_ruined_shrine
D:7:      nzn_winding_woodlands_large [nzn_winding_woodlands_5x5_open_star,
          nzn_winding_woodlands_5x15_pathside_ponds,
          nzn_winding_woodlands_5x5_cross, nzn_winding_woodlands_center_lodge,
          nzn_winding_woodlands_15x15_boxy_spiral,
          nzn_winding_woodlands_center_triple_pond,
          nzn_winding_woodlands_5x5_closed_star,
          nzn_winding_woodlands_5x15_sawtooth,
          nzn_winding_woodlands_5x5_checkerboard], layout_loops_ring,
          serial_shops, nicolae_shop_rolled_up, nicolae_shop_waterfront
D:8:      layout_cave_pools, mainiacjoe_overflow_divided_tiny, serial_shops,
          shop_statue, serial_co_window_serial, co_window_of_opportunity_a,
          co_window_corner_a, co_window_paths_b, co_window_paths_b,
          co_window_paths_b, co_window_corner_b, co_window_broadway_a,
          co_window_broadway_a, co_window_broadway_b, co_window_paths_e,
          minmay_manual_monolith
D:9:      layout_basic
D:10:     layout_basic, erik_lair_orcish_takeover, ebering_ghost_funeral_grove
D:11:     layout_loops_ring, gauntlet_entry_generic
D:12:     layout_stronghold, serial_shops, nicolae_shop_just_a_little_nook,
          dk_vineyard_1, hangedman_decor_peaks_small, roadster_trireme
D:13:     minmay_four_partial_circles, layout_loops_corners
D:14:     layout_roguey, david_vaults_1, serial_shops, shop,
          nicolae_shop_hallway_plus, nicolae_lakefront_shop,
          kennysheep_minor_cross, uniq_snorg
D:15:     gammafunk_depths_entry_grave, layout_cave_pools, lemuel_crystal_altar,
          nicolae_dithmenos_through_a_glass_darkly
Lair:1:   layout_cave_pods, infiniplex_staircase_pool, grunt_megastairs_5,
          uniq_nergalle, uniq_grum
Lair:2:   layout_regular_city, spider_nest_entry_a, minivault_24, uniq_harold,
          uniq_maggie
Lair:3:   layout_gridlike, palyth_hydra_swamp_entry
Lair:4:   layout_regular_city, nicolae_slime_entry_field_trip,
          serial_bayou_lagoon_b, lemuel_fruit_fields, uniq_kirke, uniq_urug
Lair:5:   wormcave, layout_gridlike, hangedman_lair_caniforms_friends,
          basic_altar, serial_bayou_ford_a
Swamp:1:  layout_basic_swamp, evilmike_swamp_ruin_rubble_2, swamp_pool_1_2,
          nicolae_swamp_some_circles, nicolae_swamp_fairy_circle,
          nicolae_swamp_tree_isthmus
Swamp:2:  layout_basic_swamp, evilmike_swamp_ruin_house_2,
          nicolae_swamp_decorative_isthmus
Swamp:3:  layout_basic_swamp, basic_altar
Swamp:4:  swamp, layout_basic_swamp, portal_ice_cave_entry_frozen_things
Spider:1: layout_spider_delve
Spider:2: layout_spider_delve, gammafunk_ghost_grave
Spider:3: layout_chambers, spiders_nest_ghost_moth_duel
Spider:4: floodkiller_spider_rune_tomb
Orc:1:    layout_caves, basic_altar, serial_shops,
          nicolae_shop_bloodbath_and_beyond, uniq_fannar
Orc:2:    st_orc_elflike, layout_caves, roderic_batcave, nicolae_orc_rich_vein
Depths:1: layout_gridlike, rand_demon_pan_entry_4, abyss_entry, hell_entry,
          serial_bayou_pond_b, minmay_misc_feat_cross, evilmike_ambush
          [evilmike_ambush_outer_basic, evilmike_ambush_inner_cross],
          uniq_nikola

Skill      XL: |  1  2  3  4  5  6  7  8  9 10 11 12 13 14 15 16 17 18 19 |
---------------+----------------------------------------------------------+-----
Axes           | 2 3 4 5 |  5.2
Armour         | 3 4 5 6 7 8 9 10 11 12 13 | 13.4
Shields        | 3 4 5 6 7 8 9 10 11 12 13 | 13.4
Fighting       | 4 5 6 7 8 9 10 11 12 13 15 16 | 16.3
Invocations    | 1 2 4 5 7 9 10 11 12 13 | 13.7
Evocations     | 3 6 8 9 |  9.6
Unarmed Combat | 4 7 9 11 12 13 14 15 | 15.5
Dodging        | 4 8 10 | 10.1

Action                     |  1- 3 |  4- 6 |  7- 9 | 10-12 | 13-15 | 16-18 | 19-21 || total
---------------------------+-------+-------+-------+-------+-------+-------+-------++-------
  Melee: War axe           |   109 |   162 |   414 |     1 |       |       |       ||   686
         Unarmed           |       |       |       |   892 |  1167 |  1411 |   232 ||  3702
         Whip              |       |       |       |    46 |   178 |   152 |       ||   376
 Invoke: Stomp             |       |       |       |     8 |     6 |    11 |       ||    25
         Grand Finale      |       |       |       |       |     1 |     1 |     1 ||     3
         Line Pass         |       |       |       |       |       |     1 |       ||     1
  Evoke: Wand              |       |       |     5 |    21 |     8 |    27 |     1 ||    62
         Tin of tremorston |       |       |       |       |       |     3 |       ||     3
    Use: Potion            |       |     4 |     6 |     2 |     4 |     2 |     4 ||    22
         Scroll            |       |     4 |     8 |    14 |     7 |    13 |     6 ||    52
   Stab: Paralysed         |       |     2 |    23 |    80 |   106 |   115 |    11 ||   337
         Invisible         |       |       |       |       |       |     1 |       ||     1
 Armour: Scale mail        |    61 |    86 |    28 |       |       |       |       ||   175
         Plate armour      |       |       |   270 |   422 |   731 |  1307 |   113 ||  2843
  Dodge: Dodged            |    26 |    31 |    73 |   223 |   296 |   383 |    44 ||  1076
  Block: Buckler           |    85 |   156 |   442 |   541 |       |       |       ||  1224
         Reflection        |       |     4 |     5 |    21 |    48 |    30 |     7 ||   115
         Kite shield       |       |       |       |   360 |  1672 |  2248 |   239 ||  4519

Table legend: (Time is in decaauts)
 A = Elapsed time spent in this place.
 B = Non-inter-level travel time spent in this place.
 C = Inter-level travel time spent in this place.
 D = Time resting spent in this place.
 E = Time spent auto-exploring this place.
 F = Levels seen in this place.
 G = Mean time per level.
                   A        B        C        D        E       F      G
               +--------+--------+--------+--------+--------+-----+--------+
         Total |  48618 |  43942 |   4676 |  15059 |  20521 |  33 | 1473.3 |
       Dungeon |  18341 |  16338 |   2003 |   3617 |   9534 |  15 | 1222.7 |
          Lair |   9361 |   8446 |    915 |   2491 |   4484 |   5 | 1872.2 |
         Swamp |   9067 |   8431 |    636 |   5425 |   1844 |   4 | 2266.8 |
   Spider Nest |   6753 |   5807 |    946 |   1892 |   2770 |   4 | 1688.2 |
  Orcish Mines |   2861 |   2711 |    150 |    855 |   1292 |   2 | 1430.5 |
        Depths |   1315 |   1291 |     24 |    753 |    166 |   1 | 1315.0 |
       Ossuary |    292 |    292 |      0 |      0 |     44 |   1 |  292.0 |
      Gauntlet |    625 |    625 |      0 |     25 |    386 |   1 |  625.0 |
               +--------+--------+--------+--------+--------+-----+--------+

Top non-repeatable levels by time:
 Swamp:3: 4558 daAuts
     D:7: 2949 daAuts
  Lair:5: 2885 daAuts
Spider:4: 2306 daAuts
 Swamp:2: 2144 daAuts
  Lair:4: 1989 daAuts
   Orc:2: 1936 daAuts
     D:9: 1932 daAuts
Spider:2: 1854 daAuts
  Lair:3: 1665 daAuts
    D:10: 1586 daAuts
Spider:3: 1510 daAuts
    D:12: 1434 daAuts
  Lair:2: 1421 daAuts
  Lair:1: 1400 daAuts
